 Dungeon Crawl Stone Soup version 0.24-a0-434-gd57e52fea8 (webtiles) character file.

Game seed: 7284986056003320060

251 vurker the Chopper (level 5, -9/46 HPs)
             Began as a Demigod Fighter on June 16, 2019.
             Killed by divine providence
             ... invoked by an orc priest
              (13 damage)
             ... on level 3 of the Dungeon.
             The game lasted 00:03:43 (2554 turns).

vurker the Chopper (Demigod Fighter)                Turns: 2554, Time: 00:03:44

Health: -9/46      AC:  6    Str: 26    XL:     5   Next: 57%
Magic:  7/7        EV:  7    Int: 12    God:
Gold:   139        SH: 10    Dex: 15    Spells: 4/4 levels left

rFire    . . .     SeeInvis .   a - +0 war axe
rCold    . . .     Gourm    .   c - +0 shield
rNeg     . . .     Faith    .   b - +0 scale mail
rPois    .         Spirit   .   (no helmet)
rElec    .         Reflect  .   (no cloak)
rCorr    .         Harm     .   (no gloves)
MR       .....                  (no boots)
Stlth    ..........             (no amulet)
HPRegen  0.15/turn              (no ring)
MPRegen  0.10/turn              (no ring)

@: mighty
A: high mp 1
a: no special abilities


You were on level 3 of the Dungeon.
You were not hungry.

You visited 1 branch of the dungeon, and saw 3 of its levels.

You collected 139 gold pieces.

Inventory:

Hand Weapons
 a - a +0 war axe (weapon)
Armour
 b - a +0 scale mail (worn)
 c - a +0 shield (worn)
Jewellery
 f - an uncursed amulet of faith {!P}
   (You found it on level 1 of the Dungeon)
 k - a +6 ring of dexterity {unknown}
   (You found it on level 3 of the Dungeon)
 o - a cursed -2 ring of intelligence {unknown}
   (You found it on level 2 of the Dungeon)
Scrolls
 g - a scroll of amnesia {unknown}
 h - a scroll of identify {@r1}
 l - a scroll of teleportation {@r4}
Potions
 j - 2 potions of lignification {unknown}
 n - 3 potions of mutation {!q}
Comestibles
 e - 5 rations {!d}
 i - a chunk of flesh


   Skills:
 + Level 4.1 Fighting
 * Level 4.7 Axes
 - Level 2.6 Armour
 - Level 2.6 Shields


You had 4 spell levels left.
You didn't know any spells.
Your spell library was empty.

Dungeon Overview and Level Annotations

Branches:
Dungeon (3/15)


Innate Abilities, Weirdness & Mutations

You have an increased reservoir of magic. (+10% MP)


Message History

You block the bat's attack.
You closely miss the bat. The bat hits you but does no damage. x2
You slash the bat!
You kill the bat!
The orc priest looks braver for a moment.
You closely miss the giant cockroach.
The giant cockroach bites you but does no damage. x2
You slash the giant cockroach!
You kill the giant cockroach!
The orc wizard points at you and mumbles some strange words.
The magic dart hits you.
You slash the orc wizard!
You kill the orc wizard!
The orc priest calls down the wrath of Beogh upon you.
Beogh smites you!
* * * LOW HITPOINT WARNING * * *
You barely miss the orc. You block the orc's attack.
You hit the orc. The orc hits you but does no damage. x2
You slice the orc!!
You kill the orc!
The orc throws a boomerang.
You block the boomerang.
The weapon returns to the orc!
An orc comes into view. It is wielding a +0 hand axe.
The orc hits you with a +0 dagger.
* * * LOW HITPOINT WARNING * * *
Items here: ! $ )))) [[ ††† The orc blocks your attack.
The orc hits you with a +0 dagger.
* * * LOW HITPOINT WARNING * * *
The orc misses you. The orc blocks your attack. You block the orc's attack.
You barely miss the orc. You block the orc's attack.
You slash the orc!
You kill the orc!
The orc barely misses you.
You barely miss the orc. The orc barely misses you.
You slash the orc!
You kill the orc!
You slice the orc!!
You kill the orc!
The orc priest calls down the wrath of Beogh upon you.
Pain shoots through your body!
* * * LOW HITPOINT WARNING * * *
The orc priest invokes the aid of Beogh against you.
Pain shoots through your body!
* * * LOW HITPOINT WARNING * * *
Items here: " $ ( ))) [[ †† You closely miss the orc priest.
The orc priest invokes the aid of Beogh against you.
Beogh smites you!
You die...

####.#### #.# #.#
#.......# ######.###.#
#.##.##.# #.......##.# #
#.##.#####.####..##.##.#
#.......##..........##.#
####.##.......##.#####.##
#.#####..####.# #.. ..#
#..)###.# #.. ####
#..o@)..# #.# #...#####
#.# #...#########§####
#.))o.......§.§..#
#....####..##§##.###
.............##.O....#
................§<##
...............##§#
###.#.....###.. #§#


You could see an orc priest.

Vanquished Creatures
  An ogre (D:3)
  2 orc wizards (D:3)
  3 adders (D:2)
  A gnoll (D:1)
  A dart slug (D:1)
  5 orcs (D:3)
  9 bats
  4 giant cockroaches
  5 goblins
  9 hobgoblins
  6 jackals
  6 kobolds
  A quokka (D:2)
  2 ball pythons
  7 frilled lizards
  6 rats
68 creatures vanquished.

Notes
Turn   | Place    | Note
-------+----------+-------------------------------------------
     0 | D:1      | vurker the Demigod Fighter began the quest for the Orb.
     0 | D:1      | Reached XP level 1. HP: 18/18 MP: 3/3
   289 | D:1      | Found an iron altar of Okawaru.
   353 | D:1      | Reached XP level 2. HP: 16/25 MP: 4/4
   708 | D:1      | Reached XP level 3. HP: 31/31 MP: 5/5
  1575 | D:2      | Reached XP level 4. HP: 38/38 MP: 6/6
  2203 | D:2      | Found a deep blue altar of Sif Muna.
  2333 | D:3      | Noticed an ogre
  2515 | D:3      | Killed an ogre
  2515 | D:3      | Reached XP level 5. HP: 46/46 MP: 7/7
  2554 | D:3      | Killed from afar by an orc priest

Levels and vault maps discovered:
D:1:      minmay_arrival_widening_spiral_wide, layout_basic,
          okawaru_ov_weapons_minmay
D:2:      layout_loops_ring, lemuel_coloured_pillars_altar
D:3:      layout_loops_cross, grunt_gozag_breadcrumbs

Skill      XL: |  1  2  3  4  5 |
---------------+----------------+-----
Axes           | 2 3 4 |  4.7
Fighting       | 3 4 |  4.1
Armour         | |  2.6
Shields        | |  2.6

Action                   |  1- 3 |  4- 6 || total
-------------------------+-------+-------++-------
Melee: War axe           |   123 |    63 ||   186
  Use: Scroll            |       |     5 ||     5
       Potion            |       |     1 ||     1
  Eat: Chunk             |     2 |     2 ||     4
       Ration            |       |     1 ||     1
Armor: Scale mail        |    72 |    14 ||    86
Dodge: Dodged            |    53 |    13 ||    66
Block: Shield            |    82 |    42 ||   124

Table legend:
 A = Non-vault XP
 B = Vault XP
 C = Vault XP percentage of total XP
 D = Non-vault monster count
 E = Vault monster count
 F = Vault count percentage of total count
                 A         B        C        D         E       F
            +---------+---------+-------+---------+---------+-------
      Total |     359 |       0 |   0.0 |      68 |       0 |   0.0
            +---------+---------+-------+---------+---------+-------
        D:1 |      72 |       0 |   0.0 |      33 |       0 |   0.0
        D:2 |      64 |       0 |   0.0 |      20 |       0 |   0.0
        D:3 |     223 |       0 |   0.0 |      15 |       0 |   0.0
            +---------+---------+-------+---------+---------+-------
